 Dungeon Crawl Stone Soup version 0.29-a0-283-ga02f740833 (webtiles) character file.

Game seed: 12579158074384221968

965 Dabor the Covered (level 8, -15/51 HPs)
             Began as a Gargoyle Fighter on Mar 13, 2022.
             Was an Initiate of Yredelemnul.
             Engulfed by a cloud of flame (21 damage)
             ... on level 6 of the Dungeon.
             The game lasted 00:09:11 (5580 turns).

Dabor the Covered (Gargoyle Fighter)                Turns: 5580, Time: 00:09:12

Health: -15/51     AC: 21    Str: 22    XL:     8   Next: 15%
Magic:  8/8        EV:  6    Int:  9    God:    Yredelemnul [......]
Gold:   212        SH:  5    Dex:  9    Spells: 7/7 levels left

rFire   . . .      SeeInvis .   r - +0 morningstar
rCold   . . .      Faith    .   c - +0 buckler
rNeg    + + +      Spirit   .   j - +0 plate armour "Xaloiph" {rN++}
rPois   ∞          Reflect  .   (no helmet)
rElec   +          Harm     .   (no cloak)
rCorr   .          Rampage  .   m - +2 pair of gloves
Will    .....                   (no boots)
Stlth   ..........              (no amulet)
HPRegen 0.17/turn               i - ring of flight
MPRegen 0.11/turn               (no ring)

@: flying
A: sickness immunity, AC +5, negative energy resistance 1, electricity
resistance, torment resistance 1, petrification resistance
a: Renounce Religion, Recall Undead Harvest


You were on level 6 of the Dungeon.
You worshipped Yredelemnul.
Yredelemnul was noncommittal.
You visited 1 branch of the dungeon, and saw 6 of its levels.
You also visited: Sewer.

You collected 234 gold pieces.
You spent 22 gold pieces at shops.

Inventory:

Hand Weapons
 a - a +0 flail
 r - a +0 morningstar (weapon)
Armour
 b - a +0 scale mail
 c - a +0 buckler (worn)
 j - the +0 plate armour "Xaloiph" (worn) {rN++}
   (You found it on level 5 of the Dungeon)

   rN:        It greatly protects you from negative energy.
 m - a +2 pair of gloves (worn)
Jewellery
 i - a ring of flight (left hand)
 v - a +6 ring of intelligence
 y - an amulet of regeneration
Wands
 o - a wand of polymorph (8)
 t - a wand of iceblast (11)
Scrolls
 e - a scroll of fear
 h - a scroll of magic mapping
 k - a scroll of blinking {unknown}
 l - 2 scrolls of torment
 n - 2 scrolls of teleportation
 s - 2 scrolls of enchant weapon
 u - a scroll of holy word {unknown}
 w - a scroll of enchant armour {unknown}
 x - a scroll of amnesia {unknown}
 D - a scroll of fog {unknown}
Potions
 d - a potion of might
 f - a potion of lignification
 p - a potion of haste
 q - a potion of ambrosia {unknown}
 z - a potion of resistance {unknown}
 A - a potion of heal wounds
 B - a potion of curing
 C - 2 potions of flight


   Skills:
 + Level 5.7 Fighting
 + Level 4.7 Maces & Flails
 + Level 5.7 Armour
 + Level 2.1 Dodging
 + Level 5.7 Shields


You had 7 spell levels left.
You didn't know any spells.
Your spell library contained the following spells:

 Spells                   Type           Power      Damage    Failure   Level
 Summon Small Mammal      Summ           0%         N/A       100%        1
 Call Canine Familiar     Summ           0%         N/A       100%        3
 Summon Guardian Golem    Hex/Summ       0%         N/A       100%        3
 Fulminant Prism          Conj/Hex       0%         3d6       100%        4
 Iskenderun's Mystic Bla  Conj/Tloc      0%         2d3       100%        4
 Lee's Rapid Deconstruct  Erth           0%         3d5*      100%        5


Dungeon Overview and Level Annotations

Branches:
Dungeon (6/15)             Temple (0/1) D:6           Sewer (visited)

Altars:
Fedhas
Yredelemnul

Shops:
D:2 [?((   D:3 ?


Innate Abilities, Weirdness & Mutations

You are immune to sickness and miasma.
Your stone body is resilient. (AC +5)
You are immune to poison.
You resist negative energy. (rN+)
You are resistant to electric shocks. (rElec)
You are resistant to unholy torment.
You are immune to petrification.


Message History

2 orcs and an orc wizard come into view.
The orc shouts!
The orc wizard shouts!
The orc wizard casts a spell at you. The magic dart hits you.
An orc wizard comes into view. It is wielding a +0 dagger.
The orc wizard shouts!
The orc priest hits you but does no damage.
You closely miss the orc priest.
The orc priest calls down the wrath of Beogh upon you.
Beogh smites you!
You hit the orc priest.
The orc priest is lightly wounded.
The orc priest looks satisfied for a moment.
You sock the orc priest!
The orc priest is heavily wounded.
The orc priest barely misses you.
Okay, then.
Really read the scroll of immolation?
As you read the scroll of immolation, it crumbles to dust.
The creatures around you are filled with an inner flame!
The orc wizard casts a spell.
The orc wizard flickers and vanishes!
Deactivating autopickup; reactivate with Ctrl-A.
You block the orc's attack.
You sock the orc!
The orc explodes!
The fiery explosion engulfs the orc priest!!!
The fiery explosion engulfs you!!
Ouch! That really hurt!
* * * LOW HITPOINT WARNING * * *
The fiery explosion engulfs the orc wizard!
The fiery explosion engulfs something!!!
Reactivating autopickup.
You feel a bit more experienced.
The orc wizard explodes!
The fiery explosion engulfs the orc!!
A black mist starts to gather...
The orc explodes!
The orc wizard explodes!
The orc priest explodes!
You are engulfed in blazing flames.
You die...
Your body rises from the dead as a mindless zombie.

#.#.##.# #......
#......# #....##
###.#### #......
##.# ###..## #..#
#..#* #.## *#...,
#.# **...## #.#***
**,....* #@#*,**
**,.....,
**#§#,,,****,,,,,,,,
*,§§§,,,,,,,,,,,,,,,
*§§§§§,,***,,,,,,,,,
#.§§...,* *,*,,,,,,,
#Z....#.* *,**,,,,,*
#.....#.# *,***,,,**
###.###,#**,* **+**
*,,,,,,,,,* #.*


You could see a friendly spectral orc.

Vanquished Creatures
  2 sky beasts
  An ogre (D:5)
  A phantom (D:5)
  A scorpion (D:5)
  2 jellies
  A hound (D:5)
  4 orc priests
  Ijyb (D:5)
  Terence (D:3)
  4 orc wizards
  2 gnolls (D:4)
  4 adders
  A river rat (Sewer)
  A shadow imp (D:6)
  A white imp (D:5)
  A worm (D:2)
  5 dart slugs
  11 orcs
  4 endoplasms
  3 giant cockroaches
  6 goblins
  5 hobgoblins
  3 jackals (D:5)
  4 kobolds
  2 quokkas
  6 ball pythons
  3 bats (D:1)
  A frilled lizard (D:2)
  5 rats
86 creatures vanquished.

Vanquished Creatures (collateral kills)
  A kobold brigand (Sewer)
  A hound (D:4)
  A gnoll (D:4)
  An adder (D:5)
  A dart slug (D:4)
  3 orcs
  A giant cockroach (D:1)
  A ball python (D:4)
  A frilled lizard (D:1)
  3 goblins (D:1)
  A kobold (Sewer)
  A rat (D:1)
16 creatures vanquished.

Vanquished Creatures (others)
  A goblin zombie (D:5)
  A spectral white imp (D:5)
  An adder zombie (D:5)
  2 ball python zombies
  4 orc zombies
  A spectral endoplasm (D:2)
10 creatures vanquished.

Grand Total: 112 creatures vanquished

Notes
Turn   | Place    | Note
-------+----------+-------------------------------------------
     0 | D:1      | Dabor the Gargoyle Fighter began the quest for the Orb.
     0 | D:1      | Reached XP level 1. HP: 14/14 MP: 1/1
    35 | D:1      | Found a faded altar of an unknown god.
    58 | D:1      | Prayed at the altar of an unknown god.
    58 | D:1      | Became a worshipper of Yredelemnul the Dark
    58 | D:1      | Reached * piety under Yredelemnul
   139 | D:1      | Reached XP level 2. HP: 19/19 MP: 2/2
   327 | D:1      | Reached ** piety under Yredelemnul
   757 | D:2      | Reached XP level 3. HP: 22/23 MP: 3/3
  1005 | D:2      | Found Meal's Weapon Shoppe.
  1302 | D:2      | Found Sassoonwaq's Armour Shop.
  1315 | D:2      | Found Ulul Tue's Magic Scroll Shoppe.
  1380 | D:2      | Found Redeogis's Antique Weapon Shoppe.
  1637 | D:2      | Reached XP level 4. HP: 28/29 MP: 4/4
  1937 | D:3      | Reached XP level 5. HP: 33/33 MP: 5/5
  2091 | D:3      | Noticed Terence
  2099 | D:3      | Killed Terence
  2276 | D:3      | Found Axarul's Magic Scroll Shoppe.
  2284 | D:3      | Bought a scroll of identify for 22 gold pieces
  2756 | D:4      | Found a blossoming altar of Fedhas.
  2975 | D:4      | Reached XP level 6. HP: 39/39 MP: 6/6
  3347 | D:5      | Entered Level 5 of the Dungeon
  3362 | D:5      | Identified the +0 plate armour "Xaloiph" {rN++}
  3378 | D:5      | HP: 4/87 [orc priest/+1 short sword of venom (6)]
  3381 | D:5      | HP: 1/87 [orc/+0 falchion (4)]
  3918 | D:5      | Noticed Ijyb
  3921 | D:5      | Paralysed by Ijyb for 4 turns
  3930 | D:5      | Paralysed by Ijyb for 2 turns
  3938 | D:5      | Killed Ijyb
  3939 | D:5      | Reached skill level 5 in Fighting
  3939 | D:5      | Reached skill level 5 in Armour
  3939 | D:5      | Reached XP level 7. HP: 41/44 MP: 7/7
  3976 | D:5      | Reached skill level 1 in Dodging
  3976 | D:5      | Reached skill level 5 in Shields
  4190 | D:5      | Your ally Ijyb died
  5211 | D:6      | Reached XP level 8. HP: 50/50 MP: 8/8
  5260 | D:6      | Found a glowing drain.
  5277 | Sewer    | Entered a sewer
  5476 | Sewer    | Found a white marble altar of Elyvilon.
  5580 | D:6      | Engulfed by a cloud of flame

Illustrated notes

Levels and vault maps discovered:
D:1:      dpeg_arrival_pond, layout_loops_ring,
          hellmonk_ecumenical_altar_arch_garden
D:2:      layout_loops_corners, serial_shops, shop_scrolls,
          nicolae_diamond_shop, nicolae_diamond_shop, nicolae_shop_waterfront,
          corexii_leaking_fountain
D:3:      layout_loops_ring, serial_shops, shop, item_on_display_a, uniq_terence
D:4:      layout_basic, fedhas_altar_1
D:5:      layout_loops_corners, uniq_ijyb
D:6:      layout_loops_corners, minmay_temple_entry_slanted,
          portal_sewer_entry_a

Skill      XL: |  1  2  3  4  5  6  7  8 |
---------------+-------------------------+-----
Fighting       | 4 5 |  5.7
Armour         | 4 5 |  5.7
Shields        | 4 5 |  5.7
Maces & Flails | 3 4 |  4.7
Dodging        | 1 2 |  2.1

Action                   |  1- 3 |  4- 6 |  7- 9 || total
-------------------------+-------+-------+-------++-------
Melee: Flail             |    94 |    44 |       ||   138
       Morningstar       |       |    91 |   107 ||   198
  Use: Scroll            |     3 |     4 |     2 ||     9
       Potion            |       |     7 |       ||     7
 Stab: Invisible         |       |     1 |       ||     1
Armor: Scale mail        |    47 |    38 |       ||    85
       Plate armour      |       |    40 |    75 ||   115
       Skin              |       |    13 |       ||    13
Dodge: Dodged            |    39 |    39 |    26 ||   104
Block: Buckler           |    20 |    33 |    19 ||    72

Table legend: (Time is in decaauts)
 A = Elapsed time spent in this place.
 B = Non-inter-level travel time spent in this place.
 C = Inter-level travel time spent in this place.
 D = Time resting spent in this place.
 E = Time spent auto-exploring this place.
 F = Levels seen in this place.
 G = Mean time per level.
                   A        B        C        D        E       F      G
               +--------+--------+--------+--------+--------+-----+--------+
         Total |   5677 |   5511 |    166 |    610 |   3926 |   7 |  811.0 |
       Dungeon |   5433 |   5267 |    166 |    610 |   3755 |   6 |  905.5 |
         Sewer |    244 |    244 |      0 |      0 |    171 |   1 |  244.0 |
               +--------+--------+--------+--------+--------+-----+--------+

Top non-repeatable levels by time:
     D:5: 1885 daAuts
     D:2: 1132 daAuts
     D:3: 824 daAuts
     D:1: 756 daAuts
     D:4: 683 daAuts
   Sewer: 244 daAuts
     D:6: 149 daAuts
